AoeStats
← mordmortigon

Black Forest

505651638Analyzed
1v1 RM · 21d ago on Sep 10, 2026· 40m 18s· 2 players
Game mode
Random Map
Map size
Tiny (2 player)
Population
200
Speed
Normal
Resources
Standard
Victory
Conquest
Starting age
Dark Age
Ending age
Imperial Age
RankedLock teamsTeams togetherTeam positionsShared explorationLock speedFull tech treeHidden civsTurbo modeCheats
Victory
Defeat
🇨🇳 Gurjaras · China
966
+16
🇺🇸 Britons · United States
956
-16
mordmortigon
5:55 Loom
9:16 Feudal Age
9:46 Double-Bit Axe
16:01 Castle Age
15:17 Stone Mining
15:59 Gold Mining
20:02 Horse Collar
21:42 Fletching
22:38 Wheelbarrow
23:21 Light Cavalry
24:35 Heavy Plow
25:01 Bow Saw
26:06 Hand Cart
30:50 Imperial Age
29:32 Bodkin Arrow
29:38 Padded Archer Armor
30:26 Forging
30:59 Gold Shaft Mining
31:02 Town Watch
32:02 Yeomen
32:19 Bracer
32:35 Leather Archer Armor
34:05 Husbandry
35:43 Two-Man Saw
34:40 Elite Longbowman
36:00 Conscription
36:43 Ring Archer Armor
36:44 Ballistics
37:30 Chemistry
36:38 Town Patrol
36:52 Murder Holes
38:41 Iron Casting
38:07 Scale Mail Armor
38:13 Scale Barding Armor
38:11 Scale Mail Armor
37:33 Pikeman
39:00 Masonry
39:08 Halberdier
39:49 Squires
3230289630
0:38 Loom
11:40 Feudal Age
15:14 Castle Age
13:03 Double-Bit Axe
13:47 Horse Collar
14:04 Gold Mining
16:50 Bow Saw
20:31 Stone Mining
23:12 Wheelbarrow
25:44 Gold Shaft Mining
26:06 Heavy Plow
31:02 Imperial Age
29:32 Fletching
29:42 Padded Archer Armor
30:21 Hand Cart
30:30 Bodkin Arrow
31:34 Leather Archer Armor
31:26 Kshatriyas
31:23 Elite Elephant Archer
32:11 Bracer
33:15 Chemistry
32:58 Conscription
32:43 Husbandry
32:53 Bloodlines
34:23 Thumb Ring
35:59 Frontier Guards
36:18 Ballistics
36:43 Crop Rotation
39:19 Stone Shaft Mining
39:58 Scale Barding Armor
40:03 Forging
39:15 Light Cavalry
Connection lost

Rejoining the realm…

Still unreachable

The connection could not be restored.

Session expired

The server has moved on; the page needs a fresh start.